 Dungeon Crawl Stone Soup version 0.28.0-53-g5a82cb258f (webtiles) character file.

Game seed: 9449510088023503551

40 Descartes the Grasshopper (level 3, 0/27 HPs)
             Began as a Formicid Warper on May 27, 2022.
             Slain by a kobold
             ... wielding a +0 short sword
              (1 damage)
             ... on level 2 of the Dungeon.
             The game lasted 00:01:47 (1597 turns).

Descartes the Grasshopper (Formicid Warper)         Turns: 1597, Time: 00:01:48

Health: 0/27       AC:  3    Str: 17    XL:     3   Next: 72%
Magic:  6/6        EV: 11    Int: 12    God:
Gold:   67         SH:  0    Dex: 10    Spells: 6/6 levels left

rFire   . . .      SeeInvis +   a - +0 hand axe
rCold   . . .      Faith    .   (no shield)
rNeg    . . .      Spirit   .   b - +0 leather armour
rPois   .          Reflect  .   (helmet unavailable)
rElec   .          Harm     .   (no cloak)
rCorr   .          Rampage  .   (no gloves)
Will    .....                   (no boots)
Stlth   +.........              (no amulet)
HPRegen 0.09/turn               (no ring)
MPRegen 0.10/turn               (no ring)

@: no status effects
A: permanent stasis, dig shafts and tunnels, antennae 3, four strong arms
a: Dig, Shaft Self


You were on level 2 of the Dungeon.
You visited 1 branch of the dungeon, and saw 2 of its levels.

You collected 67 gold pieces.

Inventory:

Hand Weapons
 a - a +0 hand axe (weapon)
 g - a +1 dagger of pain
Missiles
 c - 5 boomerangs of dispersal (quivered)
 h - 40 stones
 k - 3 poisoned darts
Armour
 b - a +0 leather armour (worn)
 l - a scarf of harm
Scrolls
 d - 4 scrolls of identify {unknown}
 e - a scroll of magic mapping {unknown}
 f - a scroll of blinking {unknown}
 j - a scroll of teleportation {unknown}
Potions
 i - a potion of degeneration {unknown}


   Skills:
 - Level 2.1 Fighting
 + Level 2.5 Axes
 - Level 1.0 Throwing
 + Level 2.0 Armour
 - Level 1.7 Dodging
 + Level 1.6 Shields
 - Level 2.1 Spellcasting
 + Level 3.0 Translocations


You had 6 spell levels left.
You didn't know any spells.
Your spell library contained the following spells:

 Spells                   Type           Power      Damage    Failure   Level
 Gell's Gravitas          Tloc           8%         N/A       26%         3
 Lesser Beckoning         Tloc           8%         N/A       26%         3
 Teleport Other           Tloc           8%         N/A       26%         3
 Manifold Assault         Tloc           8%         N/A       94%         5
 Blink                    Tloc           Unusable   N/A       N/A         2

Dungeon Overview and Level Annotations

Branches:
Dungeon (2/15)

Altars:
Elyvilon


Innate Abilities, Weirdness & Mutations

You cannot be hasted, slowed, berserked, paralysed or teleported.
You can dig through walls and to a lower floor.
You have a pair of large antennae on your head. (SInv)
Your four strong arms can wield two-handed weapons with a shield.


Message History

The worm bites you but does no damage.
You hit the worm but do no damage.
The worm is moderately wounded.
You hit the worm but do no damage.
The worm is moderately wounded.
The worm bites you but does no damage.
You barely miss the worm.
The worm is moderately wounded.
The worm bites you.
The kobold throws a stone.
The stone closely misses you.
You barely miss the worm.
The worm is lightly wounded.
The worm bites you!
You are too injured to fight recklessly!
You are too injured to fight recklessly!
You are too injured to fight recklessly!
You are too injured to fight recklessly!
You are too injured to fight recklessly!
You are too injured to fight recklessly!
You are too injured to fight recklessly!
You are too injured to fight recklessly!
You are too injured to fight recklessly!
You are too injured to fight recklessly!
You are too injured to fight recklessly!
You are too injured to fight recklessly!
You are too injured to fight recklessly!
You are too injured to fight recklessly!
You are too injured to fight recklessly!
You are too injured to fight recklessly!
You hit the worm.
The worm is moderately wounded.
You hit the worm.
The worm is heavily wounded.
The worm barely misses you.
You barely miss the worm. You punch the worm, but do no damage.
The worm is heavily wounded.
The worm bites you!
* * * LOW HITPOINT WARNING * * *
The kobold throws a stone.
The stone misses you.
The kobold hits you with a +0 short sword.
You die...

#.......##..........
#.......##..........
........##..........
##########..........
#...................
#...................
#...................
##.##...................
#...w..@................
#..###K#######..........
.... ...# #.......... ##
#.... #.......... #....!
#.......... .......
#.......... ##.......
########### +.......#


You could see a worm and a kobold.

Vanquished Creatures
  A dart slug (D:2)
  4 endoplasms
  2 giant cockroaches
  6 goblins
  2 hobgoblins (D:1)
  5 kobolds (D:1)
  2 quokkas (D:2)
  4 bats (D:1)
  A frilled lizard (D:1)
  7 rats
34 creatures vanquished.

Notes
Turn   | Place    | Note
-------+----------+-------------------------------------------
     0 | D:1      | Descartes the Formicid Warper began the quest for the Orb.
     0 | D:1      | Reached XP level 1. HP: 16/16 MP: 3/3
   274 | D:1      | Reached XP level 2. HP: 19/22 MP: 5/5
   493 | D:1      | Reached skill level 1 in Shields
   824 | D:1      | Reached XP level 3. HP: 27/27 MP: 6/6
  1209 | D:2      | Found a faded altar of an unknown god.
  1228 | D:2      | Reached skill level 3 in Translocations
  1544 | D:2      | Found a white marble altar of Elyvilon.
  1595 | D:2      | HP: 1/27 [worm (10)]
  1597 | D:2      | Slain by a kobold

Illustrated notes

Levels and vault maps discovered:
D:1:      beargit_arrival_diablo_church, layout_basic
D:2:      layout_basic, ebering_ecumenical_altar_box, basic_altar

Skill      XL: |  1  2  3 |
---------------+----------+-----
Shields        | 1 |  1.6
Translocations | 3 |  3.0
Armour         | 2 |  2.0
Fighting       | |  2.1
Axes           | |  2.5
Throwing       | |  1.0
Dodging        | |  1.7
Spellcasting   | |  2.1

Action                   || total
-------------------------++-------
Melee: Hand axe          ||   122
       Punch             ||     1
Armor: Leather armour    ||    37
Dodge: Dodged            ||    88
